 Dungeon Crawl Stone Soup version 0.14-a0-2124-ga163777 (webtiles) character file.

659 Kae the Sneak (level 6, -3/28 HPs)
             Began as a Spriggan Enchanter on Jan 27, 2014.
             Slain by an ogre
             ... wielding a +0,+0 giant club
              (10 damage)
             ... on Level 4 of the Dungeon.
             The game lasted 00:06:08 (2835 turns).

Kae the Sneak (Spriggan Enchanter)                  Turns: 2835, Time: 00:06:08

HP  -3/28        AC  4     Str  6      XL: 6   Next: 71%
MP  17/29        EV 18     Int 17      God:
Gold 216         SH  0     Dex 16      Spells:  2 memorised, 10 levels left

rFire  . . .     SeeInvis +     a - +2,+1 dagger
rCold  . . .     Clarity  .     b - +2 robe
rNeg   . . .     Conserve .     (shield restricted)
rPois  .         rCorr    .     (helmet restricted)
rElec  .         rRot     .     (no cloak)
SustAb . .       Spirit   .     (gloves unavailable)
rMut   .         Warding  .     (boots unavailable)
Saprov . . .     Stasis   .     (no amulet)
MR     +....                    s - ring of magical power
                                h - ring of sustenance

@: very slightly contaminated, drained, very quick, somewhat resistant to
hostile enchantments, very stealthy
A: unfitting armour, see invisible, herbivore 3, speed 3, slow metabolism 2
a: no special abilities


You were on level 4 of the Dungeon.
You were not hungry.

You visited 1 branch of the dungeon, and saw 4 of its levels.

You collected 216 gold pieces.

Inventory:

Hand weapons
 a - a +2,+1 dagger (weapon)
Missiles
 d - 12 darts (quivered)
 n - 2 tomahawks
Armour
 b - a +2 robe (worn)
Magical devices
 r - a wand of slowing (6) {unknown}
Comestibles
 g - a choko
 i - 2 bread rations
 q - an apple
Scrolls
 m - a scroll of recharging
 o - a scroll of enchant armour
Jewellery
 h - a ring of sustenance (left hand)
 j - a +1 ring of intelligence {unknown}
 s - a ring of magical power (right hand)
Potions
 e - a potion of resistance {unknown}
 f - a potion of invisibility
 k - 4 potions of curing
 l - 2 potions of speed {unknown}
 p - 2 potions of heal wounds
Books
 c - a book of Maledictions

   Spells                             Type                      Level
   *Corona                            Hexes                        1
   Sure Blade                         Hexes/Charms                 2
   *Ensorcelled Hibernation           Hexes/Ice                    2
   Confuse                            Hexes                        3
   Enslavement                        Hexes                        4
   Invisibility                       Hexes                        6


   Skills:
 * Level 4.5(4.3) Short Blades
 - Level 1.1(0.9) Throwing
 - Level 3.0(2.8) Dodging
 * Level 6.5(6.3) Stealth
 + Level 4.4(4.2) Spellcasting
 + Level 5.1(4.9) Hexes


You had 10 spell levels left.
You knew the following spells:

 Your Spells              Type           Power        Failure   Level  Hunger
a - Corona                Hex            ###....      1%          1    None
b - Ensorcelled Hibernat  Hex/Ice        ##....       10%         2    ##.....


Dungeon Overview and Level Annotations

Branches:
Dungeon (4/16)
 Temple: D:4-7

Altars:
Yredelemnul

Annotations:
D:2 Sigmund


Innate Abilities, Weirdness & Mutations

You are tiny and cannot use many weapons and most armour.
You have supernaturally acute eyesight.
You are a herbivore.
You cover ground extremely quickly.
You need consume almost no food.


Message History

The bat resists with significant effort.
The bat closely misses you.
Casting: Ensorcelled Hibernation
Confirm with . or Enter, or press ? or * to list all spells.
Aiming: Ensorcelled Hibernation
Press: ? - help, Shift-Dir - straight line, f/p - ogre
Aim: an ogre, wielding a giant club The bat looks drowsy...
The helpless bat fails to defend itself.
You spit the bat like a pig!!!
You kill the bat!
You see here 24 bolts.
Casting: Ensorcelled Hibernation
Confirm with . or Enter, or press ? or * to list all spells.
Aiming: Ensorcelled Hibernation
Press: ? - help, Shift-Dir - straight line, f/p - ogre
Aim: an ogre, wielding a giant club The ogre looks drowsy...
The ogre hits you with a giant club!
You die...

#..........# #.......
#..........# #......
#.....%....# #.....
#..........# #....#
#......(...# #...[#
##...###...####....##########
#... #...#.......%##......#
#...###...#).......##......#
+...'.')..O@........).......
#...###...#........#########
. . #...#........#
#...#........# #...#...%....#
#### #...#........# #...
#..)#........# #...
#####........# #...
########## #...


You could see an ogre.

Vanquished Creatures
  2 ogres (D:4)
  An iguana (D:4)
  3 orc wizards (D:4)
  A scorpion (D:4)
  Jessica (D:3)
  3 adders
  A giant mite (D:2)
  3 orcs (D:4)
  2 ball pythons
  11 bats
  6 hobgoblins
  12 jackals
  5 giant cockroaches
  A giant gecko (D:3)
  5 giant newts
  10 goblins
  A jackal skeleton (D:4)
  10 kobolds
  A kobold zombie (D:3)
  3 quokkas
  9 rats
91 creatures vanquished.

Notes
Turn   | Place    | Note
--------------------------------------------------------------
     0 | D:1      | Kae, the Spriggan Enchanter, began the quest for the Orb.
     0 | D:1      | Reached XP level 1. HP: 9/9 MP: 4/4
   201 | D:1      | Reached XP level 2. HP: 7/13 MP: 7/7
   232 | D:1      | Learned a level 2 spell: Ensorcelled Hibernation
   536 | D:1      | Reached skill level 4 in Hexes
   804 | D:1      | Reached XP level 3. HP: 13/16 MP: 11/11
  1234 | D:2      | Noticed Sigmund
  1265 | D:2      | Found a basalt altar of Yredelemnul.
  1324 | D:2      | Reached XP level 4. HP: 7/21 MP: 13/13
  2163 | D:3      | Noticed Jessica
  2175 | D:3      | Killed Jessica
  2434 | D:4      | Reached skill level 5 in Stealth
  2468 | D:4      | Reached XP level 5. HP: 20/24 MP: 17/17
  2654 | D:4      | Noticed an ogre
  2668 | D:4      | Killed an ogre
  2684 | D:4      | Reached skill level 6 in Stealth
  2684 | D:4      | Reached XP level 6. HP: 28/28 MP: 20/20
  2692 | D:4      | Noticed an ogre
  2699 | D:4      | Killed an ogre
  2710 | D:4      | Noticed an ogre
  2729 | D:4      | Reached skill level 5 in Hexes
  2835 | D:4      | Slain by an ogre

Action                   |  1- 3 |  4- 6 || total
-------------------------+-------+-------++-------
Melee: Dagger            |   151 |   117 ||   268
 Cast: Ensorcelled Hiber |    18 |    29 ||    47
  Use: Scroll            |     6 |     5 ||    11
       Potion            |       |     1 ||     1
 Stab: Sleeping          |    21 |    26 ||    47
       Distracted        |     1 |       ||     1
